Map: Jagannatha LE

Players

Vanya

  • Race: Zerg Zerg

Elazer - Winner!

  • Race: Zerg Zerg

Event: DreamHack SC2 Masters 2021 Fall

VOD

Have the link to the VOD?

Description

Time

  • Played on: Aug. 4, 2021, 11:19 a.m.
  • Length: 7:33

All games in this series

Show
View Real Time Build Order
Export as new Build Order

Vanya Zerg 

Build Orders: Hatch First 

Get SALT Encoding   

  12  0:00  Drone  
  13  0:12  Overlord  
  13  0:17  Drone  
  14  0:30  Drone x2  
  16  0:48  Hatchery  
  15  0:51  Drone  
  15  0:54  Drone  
  17  1:08  Spawning Pool  
  17  1:10  Extractor  
  15  1:13  Drone  
  15  1:16  Drone  
  17  1:20  Drone  
  18  1:27  Drone  
  19  1:38  Drone  
  20  1:49  Overlord  
  20  1:55  Queen  
  20  2:00  Queen, Zergling x2  
  25  2:02  Drone  
  26  2:10  Drone  
  26  2:12  Drone  
  26  2:14  Metabolic Boost  
  28  2:22  Zergling x2, Drone  
  30  2:35  Hatchery  
  29  2:38  Drone  
  29  2:41  Drone  
  31  2:47  Baneling Nest  
  31  2:49  Drone  
  31  2:51  Drone  
  31  2:56  Overlord  
  32  2:58  Zergling x2  
  32  3:02  Drone  
  34  3:05  Zergling x4  
  36  3:16  Drone  
  36  3:17  Zergling x4, Drone  
  36  3:19  Overlord  
  40  3:25  Queen  
  42  3:28  Drone  
  42  3:30  Baneling  
  42  3:31  Baneling  
  42  3:32  Drone  
  43  3:39  Drone x3  
  46  3:45  Drone  
  46  3:46  Drone x2  
  49  3:51  Drone x3  
  52  3:58  Drone  
  52  3:59  Drone x2  
  52  4:00  Evolution Chamber  
  52  4:02  Overlord  
  54  4:09  Zergling x4  
  56  4:11  Drone  
  56  4:13  Roach Warren  
  56  4:17  Extractor, Drone x2  
  56  4:19  Extractor  
  56  4:20  Drone x2  
  58  4:26  Zerg Missile Weapons Level 1  
  58  4:27  Drone x2  
  58  4:30  Drone x2  
  62  4:38  Overlord  
  62  4:40  Overlord  
  61  4:48  Overlord  
  61  4:49  Drone x4  
  65  4:53  Overlord  
  65  4:54  Drone  
  66  5:01  Drone x5  
  66  5:06  Overlord  
  70  5:08  Extractor  
  70  5:11  Roach x2  
  73  5:15  Roach x4  
  81  5:21  Zergling x2  
  81  5:22  Zergling x8  
  75  5:28  Zergling x8, Spine Crawler  
  70  5:38  Roach x2  
  70  5:40  Roach  
  75  5:43  Roach x3  
  75  5:49  Roach  
  83  5:52  Baneling x7  
  83  5:54  Roach x2  
  87  5:59  Roach  
  87  6:04  Roach, Overlord  
  84  6:14  Roach x5  
  76  6:20  Roach x2  
  76  6:22  Queen  
  76  6:24  Roach  
  76  6:28  Roach  
  74  6:33  Roach x2  
  74  6:39  Roach  
  68  6:45  Roach  
  62  6:52  Roach x2  
  60  6:57  Roach x2  
  64  7:02  Roach  
  64  7:05  Roach  
  64  7:06  Ravager x2  
  70  7:10  Roach  
  70  7:13  Roach  
  70  7:14  Ravager  
Show
View Real Time Build Order
Export as new Build Order

Elazer Zerg - Winner!

Build Orders: Hatch First 

Get SALT Encoding   

  12  0:00  Drone  
  13  0:12  Overlord  
  13  0:17  Drone  
  14  0:30  Drone x2  
  16  0:47  Hatchery  
  15  0:51  Drone  
  15  0:55  Drone  
  17  0:59  Drone  
  18  1:09  Extractor  
  17  1:13  Spawning Pool  
  17  1:17  Drone  
  17  1:20  Drone  
  18  1:27  Drone  
  19  1:38  Drone  
  20  1:49  Drone  
  21  1:59  Queen  
  21  2:00  Queen  
  21  2:01  Zergling x2, Overlord  
  26  2:09  Metabolic Boost  
  26  2:10  Drone  
  26  2:12  Drone  
  28  2:21  Drone x2  
  30  2:32  Drone  
  31  2:37  Hatchery  
  31  2:42  Drone  
  31  2:44  Baneling Nest  
  31  2:48  Drone  
  31  2:50  Overlord  
  31  2:59  Drone x2  
  31  3:04  Drone x2  
  35  3:07  Drone, Overlord  
  35  3:10  Zergling x2  
  35  3:12  Zergling x2  
  38  3:15  Zergling x2  
  38  3:16  Zergling x2  
  40  3:26  Zergling x2  
  40  3:27  Overlord  
  41  3:28  Drone x2  
  41  3:32  Evolution Chamber  
  42  3:37  Drone  
  42  3:39  Drone x4  
  47  3:43  Drone x2  
  49  3:51  Baneling x2  
  49  3:53  Zergling x4  
  50  3:59  Queen, Roach Warren  
  50  4:03  Overlord  
  50  4:04  Zergling x2  
  50  4:08  Zerg Missile Weapons Level 1  
  51  4:10  Drone  
  51  4:12  Drone x2  
  51  4:16  Drone x2  
  56  4:19  Drone x2  
  56  4:21  Extractor  
  56  4:23  Extractor, Drone x2  
  58  4:26  Zergling x2  
  58  4:29  Overlord  
  59  4:36  Overlord  
  59  4:41  Roach x4  
  67  4:46  Overlord  
  67  4:51  Roach x3  
  73  5:01  Roach  
  73  5:02  Roach x2  
  79  5:07  Roach x2  
  79  5:10  Roach  
  79  5:12  Roach  
  87  5:15  Zergling x2  
  87  5:16  Zergling x8  
  92  5:23  Zergling x4  
  89  5:31  Zergling x6  
  89  5:38  Zergling x14  
  94  5:48  Baneling x8  
  94  5:49  Zergling x8  
  96  5:52  Baneling  
  96  5:53  Baneling x3  
  96  5:54  Zergling x2  
  98  5:57  Drone  
  98  5:58  Overlord  
  98  6:01  Lair  
  88  6:14  Drone x3  
  88  6:18  Drone x3  
  86  6:21  Roach x4  
  86  6:22  Roach x3  
  96  6:28  Roach  
  97  6:34  Roach  
  97  6:35  Roach x2  
  97  6:36  Overlord  
  100  6:41  Roach x2  
  100  6:44  Roach  
  102  6:47  Zergling x2  
  102  6:53  Zergling x16  
  103  6:58  Zergling x6  
  106  7:05  Extractor x2, Overlord  
  106  7:07  Zergling x2  
  105  7:12  Drone  
  106  7:17  Drone x5  

Tags
 
Add a new tag
Caveats
  • Supply blocks, unpowered buildings, or Contaminate may cause inaccurate times.
  • Supply counts are checked every 10 seconds.